 Dungeon Crawl Stone Soup version 0.29-a0-284-gf9362112df (webtiles) character file.

Game seed: 3921088536671859817

53 sokol815 the Ducker (level 4, -2/34 HPs)
             Began as a Djinni Gladiator on Mar 25, 2022.
             Slain by a gnoll
             ... wielding a +0 club
              (4 damage)
             ... on level 3 of the Dungeon.
             The game lasted 00:03:29 (2249 turns).

sokol815 the Ducker (Djinni Gladiator)              Turns: 2249, Time: 00:03:29

Health: -2/34      AC:  4    Str: 13    XL:     4   Next: 10%
Gold:   125        EV: 12    Int: 12    God:
                   SH:  0    Dex: 14

rFire   + + .      SeeInvis +   a - +0 war axe
rCold   x . .      Faith    .   (no shield)
rNeg    . . .      Spirit   .   f - +0 leather armour
rPois   ∞          Reflect  .   c - +0 helmet
rElec   .          Harm     .   (no cloak)
rCorr   .          Rampage  .   (no gloves)
Will    .....                   (boots unavailable)
Stlth   +.........              (no amulet)
HPRegen 0.11/turn               V - ring of see invisible {sInv, !d}
MPRegen 0.00/turn               (no ring)

@: mighty, flying
A: sickness immunity, fire resistance 2, cold vulnerability 1, float, innate
caster, HP casting, extra vitality 1
a: no special abilities


You were on level 3 of the Dungeon.
You visited 1 branch of the dungeon, and saw 3 of its levels.

You collected 125 gold pieces.

Inventory:

Hand Weapons
 a - a +0 war axe (weapon)
 b - a +1 vorpal shortbow
   (You found it on level 2 of the Dungeon)
Missiles
 d - 3 throwing nets {!d}
 e - a javelin
 s - 32 stones
Armour
 c - a +0 helmet (worn)
 f - a +0 leather armour (worn)
Jewellery
 V - a ring of see invisible (left hand) {sInv, !d}
   (You found it on level 1 of the Dungeon)
Scrolls
 k - a scroll of amnesia {unknown}
 l - a scroll of magic mapping {unknown}
 K - a scroll of immolation {!r}
 Y - a scroll of teleportation {@r3}
Potions
 g - a potion of attraction {unknown}
 M - a potion of might


   Skills:
 + Level 2.7 Fighting
 + Level 2.9 Axes
 - Level 1.5 Throwing
 - Level 3.2 Dodging
 * Level 1.4 Spellcasting


You had 4 spell levels left.
You knew the following spells:

 Your Spells              Type           Power      Damage    Failure   Level
a - Foxfire               Conj/Fire      16%        2x1d4     21%         1
Your spell library was empty.

Dungeon Overview and Level Annotations

Branches:
Dungeon (3/15)

Altars:

Shops:
D:1 :


Innate Abilities, Weirdness & Mutations

You are immune to sickness and miasma.
You are immune to poison.
Your flesh is very heat resistant. (rF++)
You are vulnerable to cold. (rC-)
You float through the air rather than walking.
You learn spells naturally, not from books.
Your magical power is your life essence.
You have superior vitality. (+4 MHP)


Message History

You kill the worm!
You have reached level 4!
You feel clever.
You regained 2 hp, and now have 12/34 hp.
f - a +1 vorpal shortbow You start resting.
Health restored: 34
s - 13 stones (gained 8)
There is an open door here.
You now have 110 gold pieces (gained 9).
There is an open door here.
You see here a book of Minor Magic.
You reach down and open the large door.
There is a large open door here.
There is a large open door here.
You now have 125 gold pieces (gained 15).
You reach down and open the door.
There is an open door here.
A ball python comes into view.
f - a +1 vorpal shortbow (weapon)
The ball python hisses angrily.
Adjust to which letter? (? for menu, Esc to quit)
a - a +1 vorpal shortbow (weapon);
f - a +0 war axe You shoot an arrow.
The arrow hits the ball python.
You kill the ball python!
No target in view!
Unknown command.
Adjust to which letter? (? for menu, Esc to quit)
b - a +0 war axe;
f - a +0 leather armour (worn)
Adjust to which letter? (? for menu, Esc to quit)
a - a +0 war axe;
b - a +1 vorpal shortbow (weapon)
s - 32 stones (gained 19)
g - an emerald potion You reach down and open the door.
A bat comes into view.
You shoot an arrow. The arrow hits the bat.
You kill the bat!
There is an open door here.
Found a stone staircase leading down.
There is a stone staircase leading down here. 3 gnolls come into view.
The gnoll shouts!
You hear a shout!
You shoot an arrow. The arrow hits the gnoll.
You hear a shout!
A gnoll comes into view. It is wielding a +0 flail.
a - a +0 war axe (weapon)
You barely miss the gnoll. The gnoll closely misses you.
The gnoll barely misses you.
You closely miss the gnoll. You barely miss the gnoll. You hit the gnoll.
The gnoll hits you with a +0 club. x4
The gnoll hits you from afar with a +0 halberd!
You take 20 damage, and have 14/34 hp.
MASSIVE DAMAGE!!
The gnoll attacks as you move away! The gnoll closely misses you.
There is a stone staircase leading down here.
The gnoll misses you.
You fly downwards.
The orc shouts! x2
Found a potion of curing.
Found a stone staircase leading down.
There is a stone staircase leading up here.
You are too injured to fight recklessly!
You are too injured to fight recklessly!
You are too injured to fight recklessly!
You hit the gnoll. You hit the orc. The gnoll barely misses you.
The orc hits you with a +0 club.
You take 3 damage, and have 12/34 hp.
You barely miss the gnoll. You barely miss the orc.
An adder comes into view.
The gnoll closely misses you. The orc hits you but does no damage.
The adder hisses angrily.
You hit the gnoll. You slash the orc!
You kill the orc!
The gnoll misses you.
The orc throws a silver boomerang.
The silver boomerang hits you.
* * * LOW HITPOINT WARNING * * *
x2 The gnoll misses you.
The orc barely misses you.
You take 3 damage, and have 9/34 hp.
Unknown command.
You feel better. The gnoll hits you with a +0 club.
* * * LOW HITPOINT WARNING * * *
The orc hits you with a +0 short sword.
* * * LOW HITPOINT WARNING * * *
You take 2 damage, and have 7/34 hp.
You feel very mighty all of a sudden.
A giant cockroach comes into view.
The gnoll hits you but does no damage. The orc closely misses you.
You closely miss the gnoll. You barely miss the orc. You hit the orc.
You barely miss the orc. The gnoll hits you with a +0 club.
* * * LOW HITPOINT WARNING * * *
The orc barely misses you. The orc hits you with a +0 hand axe.
* * * LOW HITPOINT WARNING * * *
The orc closely misses you.
You take 5 damage, and have 2/34 hp.
You barely miss the gnoll. You slash the orc!
You kill the orc!
You slash the orc!
You kill the orc!
You closely miss the orc. The gnoll hits you with a +0 club.
You die...

##### #...##.##
#.g....!.
#@....#
#oS)......
...........
.............
...............
....B..........
.......>.......
#..............


You could see a gnoll, an adder, an orc and a giant cockroach.

Vanquished Creatures
  An adder (D:2)
  A worm (D:2)
  2 dart slugs
  3 orcs (D:3)
  5 ball pythons
  6 endoplasms (D:1)
  3 giant cockroaches (D:1)
  3 goblins (D:1)
  A hobgoblin (D:1)
  4 bats
  4 frilled lizards
  3 kobolds (D:1)
  4 rats
40 creatures vanquished.

Notes
Turn   | Place    | Note
-------+----------+-------------------------------------------
     0 | D:1      | sokol815 the Djinni Gladiator began the quest for the Orb.
     0 | D:1      | Reached XP level 1. HP: 18/18 MP: 0/0
   233 | D:1      | Found Finujy's Book Emporium.
   413 | D:1      | Reached XP level 2. HP: 21/23 MP: 0/0
   813 | D:1      | HP: 6/24 [ball python (2)]
   815 | D:1      | Reached XP level 3. HP: 8/29 MP: 0/0
   815 | D:1      | Learned a level 1 spell: Foxfire
  1257 | D:1      | Reached skill level 1 in Spellcasting
  1888 | D:2      | Reached XP level 4. HP: 12/34 MP: 0/0
  2246 | D:3      | HP: 7/34 [orc/+0 short sword (3)]
  2248 | D:3      | HP: 2/34 [orc/+0 hand axe (4)]
  2249 | D:3      | Slain by a gnoll

Illustrated notes

Levels and vault maps discovered:
D:1:      lightli_arrival_chessboard, layout_basic, serial_shops,
          nicolae_square_shop, st_stairs_14, grunt_decor_mini_mirrors,
          corexii_leaking_fountain, minivault_19, serial_bayou_pond_e
D:2:      layout_basic
D:3:      minmay_roachtagon, layout_rooms, ebering_ecumenical_altar_sacrificial,
          nicolae_concentric_dashed_squares_mild, palyth_stone_intersect

Skill      XL: |  1  2  3 |
---------------+----------+-----
Spellcasting   | 1 |  1.4
Fighting       | |  2.7
Axes           | |  2.9
Throwing       | |  1.5
Dodging        | |  3.2

Action                   |  1- 3 |  4- 6 || total
-------------------------+-------+-------++-------
Melee: War axe           |   117 |     8 ||   125
       Punch             |     1 |       ||     1
 Fire: Shortbow          |       |     3 ||     3
Throw: Javelin           |     1 |       ||     1
  Use: Scroll            |     4 |       ||     4
       Potion            |       |     2 ||     2
 Stab: Sleeping          |     2 |       ||     2
Armor: Leather armour    |    44 |     2 ||    46
Dodge: Dodged            |    82 |    12 ||    94

Table legend: (Time is in decaauts)
 A = Elapsed time spent in this place.
 B = Non-inter-level travel time spent in this place.
 C = Inter-level travel time spent in this place.
 D = Time resting spent in this place.
 E = Time spent auto-exploring this place.
 F = Levels seen in this place.
 G = Mean time per level.
                   A        B        C        D        E       F      G
               +--------+--------+--------+--------+--------+-----+--------+
         Total |   2295 |   2239 |     56 |    406 |   1479 |   3 |  765.0 |
       Dungeon |   2295 |   2239 |     56 |    406 |   1479 |   3 |  765.0 |
               +--------+--------+--------+--------+--------+-----+--------+

Top non-repeatable levels by time:
     D:1: 1657 daAuts
     D:2: 629 daAuts
     D:3: 8 daAuts

Table legend:
 A = Kills in this place as a percentage of kills in entire the game.
 B = Kills by you in this place as a percentage of kills by you in the entire game.
 C = Kills by friends in this place as a percentage of kills by friends in the entire game.
 D = Other kills in this place as a percentage of other kills in the entire game.
 E = Experience gained in this place as a percentage of experience gained in the entire game.
 F = Experience gained in this place divided by the number of levels of this place that you have seen.
                   A       B       C       D       E      F
               +-------+-------+-------+-------+-------+----------------------
         Total | 100.0 | 100.0 |   N/A |   N/A | 100.0 |  27.3
       Dungeon | 100.0 | 100.0 |   N/A |   N/A | 100.0 |  27.3
               +-------+-------+-------+-------+-------+----------------------
